 Dungeon Crawl Stone Soup version 0.26.0-10-g1f06aea511 (webtiles) character file.

Game seed: 17113050668010235158

32 Arzdou the Skirmisher (level 3, -8/33 HPs)
             Began as a Hill Orc Fighter on Jan 23, 2021.
             Mangled by an ogre
             ... wielding a cursed -1 giant spiked club
              (12 damage)
             ... on level 2 of the Dungeon.
             The game lasted 00:03:40 (1193 turns).

Arzdou the Skirmisher (Hill Orc Fighter)            Turns: 1193, Time: 00:03:40

Health: -8/33      AC:  6    Str: 18    XL:     3   Next: 25%
Magic:  3/3        EV:  7    Int:  8    God:
Gold:   36         SH:  9    Dex: 11    Spells: 2/2 levels left

rFire    . . .     SeeInvis .   a - +0 war axe
rCold    . . .     Faith    .   c - +0 kite shield
rNeg     . . .     Spirit   .   b - +0 scale mail
rPois    .         Reflect  .   (no helmet)
rElec    .         Harm     .   (no cloak)
rCorr    .         Rampage  .   (no gloves)
Will     .....                  (no boots)
Stlth    ..........             (no amulet)
HPRegen  0.11/turn              (no ring)
MPRegen  0.08/turn              (no ring)

@: mighty
A: no striking features
a: no special abilities


You were on level 2 of the Dungeon.
You visited 1 branch of the dungeon, and saw 2 of its levels.

You collected 36 gold pieces.

Inventory:

Hand Weapons
 a - a +0 war axe (weapon)
Armour
 b - a +0 scale mail (worn)
 c - a +0 kite shield (worn)
Jewellery
 e - an uncursed ring of resist corrosion {unknown}
Scrolls
 f - a scroll of identify {unknown}
Potions
 g - a potion of haste {unknown}
 h - a potion of lignification {unknown}


   Skills:
 + Level 4.0 Fighting
 * Level 3.6 Axes
 + Level 3.6 Armour
 + Level 3.6 Shields


You had 2 spell levels left.
You didn't know any spells.
Your spell library was empty.

Dungeon Overview and Level Annotations

Branches:
Dungeon (2/15)

Altars:
Gozag


Message History

Your shield prevents you from hitting the ogre.
The ogre closely misses you.
You hit the ogre.
The ogre is lightly wounded.
The ogre hits you with a cursed -1 giant spiked club!
You hit the ogre.
The ogre is moderately wounded.
The ogre closely misses you.
You closely miss the ogre.
The ogre is moderately wounded.
You block the ogre's attack.
You slash the ogre!
The ogre is heavily wounded.
The ogre hits you with a cursed -1 giant spiked club!!
Ouch! That really hurt!
* * * LOW HITPOINT WARNING * * *
You are too injured to fight recklessly!
You feel very mighty all of a sudden.
The ogre hits you with a cursed -1 giant spiked club!
You die...

###
#.##################
#....@O.............
#.#################.
#.# #.# #.#
####'#######
#...........
#.............#...
#...........#.#..###


You could see an ogre.

Vanquished Creatures
  3 dart slugs (D:1)
  3 bats (D:1)
  3 giant cockroaches (D:1)
  4 goblins (D:1)
  A hobgoblin (D:2)
  2 frilled lizards (D:1)
  5 kobolds (D:1)
  4 rats
25 creatures vanquished.

Vanquished Creatures (others)
  A bat (D:1)
1 creature vanquished.

Grand Total: 26 creatures vanquished

Notes
Turn   | Place    | Note
-------+----------+-------------------------------------------
     0 | D:1      | Arzdou the Hill Orc Fighter began the quest for the Orb.
     0 | D:1      | Reached XP level 1. HP: 19/19 MP: 1/1
     2 | D:1      | Noticed a gargoyle
     4 | D:1      | Noticed an elf
     4 | D:1      | Noticed a draconian
     6 | D:1      | Noticed a naga
     6 | D:1      | Noticed a merfolk
     8 | D:1      | Noticed a demonspawn
    10 | D:1      | Noticed a minotaur
    10 | D:1      | Noticed a halfling
    12 | D:1      | Noticed an ogre
    12 | D:1      | Noticed a ghoul
    14 | D:1      | Noticed a troll
    16 | D:1      | Noticed a tengu
    16 | D:1      | Noticed a demigod
    18 | D:1      | Noticed an octopode
    18 | D:1      | Noticed a centaur
    21 | D:1      | Noticed a vampire
    21 | D:1      | Noticed a spriggan
    23 | D:1      | Noticed a human
    25 | D:1      | Noticed a felid
    25 | D:1      | Noticed a dwarf
    27 | D:1      | Noticed a formicid
    27 | D:1      | Noticed a vine stalker
   167 | D:1      | Reached XP level 2. HP: 27/27 MP: 2/2
   667 | D:1      | Reached XP level 3. HP: 32/33 MP: 3/3
   743 | D:1      | Reached skill level 4 in Fighting
  1019 | D:2      | Found an opulent altar of Gozag.
  1178 | D:2      | Noticed an ogre
  1193 | D:2      | Mangled by an ogre

Illustrated notes

Levels and vault maps discovered:
D:1:      kb_arrival_jail, layout_loops_ring, lemuel_old_faithful
D:2:      layout_basic, gammafunk_temple_overflow_wave,
          lemuel_coloured_pillars_altar, lemuel_crystal_altar,
          skrybe_limestone_x, grunt_gozag_statues

Skill      XL: |  1  2  3 |
---------------+----------+-----
Axes           | 3 |  3.6
Fighting       | 4 |  4.0
Armour         | |  3.6
Shields        | |  3.6

Action                   || total
-------------------------++-------
Melee: War axe           ||    96
  Use: Potion            ||     1
Armor: Scale mail        ||    46
Dodge: Dodged            ||    38
Block: Kite shield       ||    51
